Map: Prion Terraces

Players

Nerchio

  • Race: Zerg Zerg
  • League: Grandmaster

MMA - Winner!

  • Race: Terran Terran

Event: Homestory Cup XII

VOD

Have the link to the VOD?

Description

Time

  • Played on: Dec. 20, 2015, 10:48 a.m.
  • Length: 6:35

All games in this series

Show
View Real Time Build Order
Export as new Build Order

Nerchio Zerg 

Build Orders: Hatch First, Roach Nydus 

Get SALT Encoding   

  12  0:00  Drone  
  13  0:12  Overlord  
  13  0:17  Drone  
  14  0:30  Drone x2  
  14  0:35  Drone  
  17  0:53  Hatchery  
  17  0:54  Drone  
  17  0:58  Drone  
  18  1:12  Spawning Pool  
  18  1:15  Drone  
  18  1:18  Drone  
  19  1:20  Extractor  
  18  1:28  Drone  
  19  1:38  Overlord  
  19  1:59  Zergling x2, Queen  
  19  2:00  Zergling x2  
  23  2:05  Zergling x2, Queen  
  26  2:10  Drone  
  27  2:16  Drone  
  27  2:21  Drone  
  29  2:29  Drone  
  30  2:34  Drone  
  30  2:37  Queen  
  32  2:45  Lair  
  32  2:48  Zergling x4  
  34  2:52  Roach Warren  
  34  2:58  Drone x2  
  35  3:00  Extractor  
  35  3:02  Overlord  
  33  3:13  Zergling x4  
  33  3:18  Overlord  
  35  3:32  Roach x4  
  39  3:42  Roach  
  41  3:57  Drone  
  41  3:58  Drone x5  
  46  4:12  Drone x2  
  46  4:20  Nydus Network  
  45  4:25  Roach  
  47  4:35  Overlord  
  47  4:42  Zergling x8  
  51  4:51  Overlord  
  51  4:56  Nydus Canal  
  51  4:58  Roach x2  
  55  5:04  Overlord  
  54  5:15  Roach x2  
  54  5:19  Roach  
  59  5:27  Roach  
  59  5:29  Roach  
  59  5:33  Roach  
  62  5:39  Roach  
  60  5:43  Roach  
  60  5:47  Roach  
  54  5:56  Drone x2  
  46  6:15  Nydus Canal  
Show
View Real Time Build Order
Export as new Build Order

MMA Terran - Winner!

Build Orders:  

Get SALT Encoding   

  12  0:00  SCV  
  13  0:12  SCV  
  14  0:16  Supply Depot  
  14  0:25  SCV  
  14  0:27  Refinery  
  15  0:38  SCV  
  16  0:45  Barracks  
  16  0:50  SCV  
  17  1:01  Barracks  
  17  1:06  SCV  
  18  1:18  SCV  
  19  1:22  Barracks  
  19  1:32  Reaper  
  20  1:38  Orbital Command  
  20  1:48  Reaper  
  20  1:50  Supply Depot  
  21  1:56  Refinery  
  21  2:04  SCV, Reaper  
  23  2:11  Reaper  
  24  2:16  SCV  
  26  2:22  Reaper  
  26  2:28  SCV  
  27  2:36  Reaper  
  28  2:40  SCV  
  29  2:45  Supply Depot  
  29  2:51  Reaper  
  30  2:52  SCV  
  31  3:02  Command Center  
  31  3:06  SCV  
  31  3:07  Reaper  
  31  3:12  Reaper  
  34  3:18  Supply Depot  
  34  3:19  SCV  
  35  3:23  Reaper  
  36  3:31  SCV  
  38  3:43  SCV  
  38  3:51  Command Center  
  38  3:53  Barracks Reactor x2  
  38  3:55  Barracks Tech Lab  
  38  3:57  SCV  
  39  4:10  SCV  
  39  4:16  Marine  
  36  4:17  Orbital Command  
  36  4:24  Orbital Command  
  36  4:25  Bunker  
  36  4:27  SCV  
  36  4:29  Marine x2  
  36  4:31  Marine  
  40  4:34  Marine  
  40  4:37  Marine  
  42  4:41  SCV  
  43  4:50  Marine x3  
  46  4:53  SCV  
  46  4:54  SCV  
  46  4:55  Marine  
  49  5:02  Factory  
  49  5:06  SCV  
  50  5:08  Orbital Command  
  50  5:09  Marine x2  
  52  5:14  Marine x2  
  52  5:16  Marauder  
  55  5:27  Marine x2  
  56  5:32  Marine x2  
  47  5:49  SCV x2  
  39  5:55  SCV  
  39  5:56  Marine x2  
  35  5:59  Marine x2  
  35  6:02  SCV  
  35  6:03  SCV  
  38  6:07  SCV  
  39  6:14  SCV  
  39  6:15  SCV, Barracks Tech Lab  
  39  6:17  Factory  
  43  6:19  SCV  
Tags
 
Add a new tag
Caveats
  • Supply blocks, unpowered buildings, or Contaminate may cause inaccurate times.
  • Supply counts are checked every 10 seconds.